 Dungeon Crawl Stone Soup version 0.29.0-4-gdea44cf6ec (webtiles) character file.

Game seed: 5920647621076954112

3787 qw the Grappler (level 9, -3/79 (83) HPs)
             Began as a Troll Cinder Acolyte on Sept 2, 2022.
             Was an Initiate of Ignis.
             Slain by a soul eater (11 damage)
             ... summoned by an obsidian statue
             ... on level 8 of the Dungeon.
             The game lasted 00:04:48 (8027 turns).

qw the Grappler (Troll Cinder Acolyte)              Turns: 8027, Time: 00:04:48

HP:   -3/79 (83)    AC: 27    Str: 28      XL:     9   Next: 95%
MP:   9/9           EV:  5    Int:  6 (10) God:    Ignis [......]
Gold: 192           SH:  8    Dex:  4 (5)  Spells: 10/10 levels left

rFire   + + .      SeeInvis .     - Unarmed
rCold   + . .      Faith    .   g - +0 kite shield
rNeg    . . .      Spirit   .   b - +4 storm dragon scales "Murampas" {rElec Stlth+}
rPois   .          Reflect  .   (helmet restricted)
rElec   +          Harm     .   c - scarf {rC+ rF+}
rCorr   .          Rampage  .   (gloves unavailable)
Will    .....                   (boots unavailable)
Stlth   ..........              (no amulet)
HPRegen 1.03/turn               f - +4 ring of protection
MPRegen 0.11/turn               (no ring)

@: lethally poisoned (-3 -> -4), weakened, fiery-armoured, mesmerised, lightly
drained
A: large, unfitting armour, claws 3, regeneration 1, shaggy fur 1, tough skin 1
a: Renounce Religion, Rising Flame


You were on level 8 of the Dungeon.
You worshipped Ignis.
Ignis was noncommittal.
You visited 1 branch of the dungeon, and saw 8 of its levels.

You collected 396 gold pieces.
You spent 204 gold pieces at shops.


Innate Abilities, Weirdness & Mutations

You are too large for most types of armour.
You have claws for hands.
Your natural rate of healing is unusually fast.
You are covered in fur. (AC +1)
You have tough skin. (AC +1)


   Skills:
 + Level 3.3 Fighting
 - Level 2.0 Throwing
 - Level 2.0 Armour
 - Level 8.7 Shields
 - Level 10.1 Unarmed Combat
 - Level 1.0 Spellcasting
 - Level 2.1 Fire Magic


You had 10 spell levels left.
You didn't know any spells.
Your spell library contained the following spells:

 Spells                   Type           Power      Damage    Failure   Level
 Scorch                   Fire           4%         2d5       97%         2

Inventory:

Missiles
 a - 2 boomerangs (quivered)
Armour
 b - the +4 storm dragon scales "Murampas" (worn) {rElec Stlth+}
   (You acquired it on level 1 of the Dungeon)

   rElec:     It insulates you from electricity.
   Stlth:     It makes you more stealthy.
 c - a scarf of resistance (worn)
 g - a +0 kite shield (worn)
 m - a +0 cloak
Jewellery
 f - a +4 ring of protection (left claw)
Scrolls
 e - 4 scrolls of identify
 j - a scroll of brand weapon {unknown}
 l - 2 scrolls of enchant armour
 o - a scroll of enchant weapon
 q - a scroll of immolation {unknown}
 r - a scroll of blinking {unknown}
Potions
 h - 2 potions of might
 i - a potion of haste {unknown}
 k - a potion of resistance {unknown}

Dungeon Overview and Level Annotations

Branches:
Dungeon (8/15)             Temple (0/1) D:5
   Lair: D:8-11

Altars:
Ashenzari
Cheibriados
Elyvilon
Fedhas
Gozag
Kikubaaqudgha
Qazlal
The Shining One

Shops:
D:6 ?

Annotations:
D:2 1 runed translucent door, Crazy Yiuf
D:5 2 transporters, qw's ghost, amateur TrCA


Message History

You barely miss the orange demon.
The orange demon is almost dead.
You feel very sick. The crimson imp completely misses you.
The orange demon stings you but does no damage.
The orange demon is burned by your cloak of flames.
The orange demon is almost dead.
The orange demon hits you but does no damage.
The orange demon is burned by your cloak of flames.
You kill the orange demon!
The orange demon disappears in a puff of smoke!
You miss the crimson imp.
You feel very sick. You block the crimson imp's attack.
You scratch the ynoxinul.
The ynoxinul is lightly wounded.
You feel sick. You block the ynoxinul's attack.
The crimson imp barely misses you.
The obsidian statue's eyes glow briefly.
You barely miss the ynoxinul.
The ynoxinul is lightly wounded.
You feel sick.
The ynoxinul hits you but does no damage.
The ynoxinul is burned by your cloak of flames.
The ynoxinul is lightly wounded.
The crimson imp blinks!
You closely miss the ynoxinul.
The ynoxinul is lightly wounded.
You feel sick. The crimson imp barely misses you.
You barely miss the soul eater.
You feel sick. You block the soul eater's attack.
The ynoxinul gestures.
The crimson imp grinds its teeth.
The crimson imp hits you but does no damage.
You scratch the soul eater.
The soul eater is lightly wounded.
You feel sick.
The obsidian statue's eyes glow briefly.
The soul eater hits you!
You die...

####### #.# # #.....#####
########.# # #.###.##..###
.........# # #.# #....##!##
##.#####.## # #.###.####5..##
#........# #
#####.....#.#?58..#########..# #
...####.##..##.35..#.######..####
##.####.##...##.33...............
#......##....##@5....##########.
#####.........##..........# #.
######...#......##...#####.# #.
...........#.....##..# #.# #.
##.###.##.###.....#..# #.# #. #.#
#.##.####...###.#####.# #. #.#
#.......##.####.....#.#####. #>#
####.#######.######......... #.#
#.#######.########.#####.


You could see an obsidian statue (mesmerising), 2 soul eaters, a ynoxinul
(summoned), 2 crimson imps and 2 ufetubi.

Vanquished Creatures
  A two-headed ogre (D:8)
  An orange crystal statue (D:8)
  A hornet (D:7)
  2 steam dragons
  Duvessa (D:7)
  A water moccasin (D:8)
  An orc warrior (D:8)
  A black bear (D:6)
  An ice beast (D:7)
  2 ogres
  2 sky beasts
  3 centaurs
  A phantom (D:5)
  3 necrophages
  3 scorpions
  Dowan (D:7)
  A howler monkey (D:6)
  A jelly (D:5)
  An orc priest (D:6)
  A gnoll bouda (D:8)
  3 hounds
  3 iguanas
  5 orc wizards
  5 adders
  7 gnolls
  2 shadow imps
  3 white imps
  3 ufetubi (D:5)
  2 worms (D:3)
  3 dart slugs
  26 orcs
  5 endoplasms
  5 goblins
  7 hobgoblins
  8 jackals
  8 kobolds
  7 quokkas
  9 ball pythons
  6 bats
  3 frilled lizards
  4 rats
153 creatures vanquished.

Vanquished Creatures (others)
  2 orc wizards (D:8)
2 creatures vanquished.

Grand Total: 155 creatures vanquished

Notes
Turn   | Place    | Note
-------+----------+-------------------------------------------
     0 | D:1      | qw the Troll Cinder Acolyte began the quest for the Orb.
     0 | D:1      | Reached XP level 1. HP: 22/22 MP: 1/1
     0 | D:1      | 0 ||| qw: Version: 0.1-a-100-g36b9a1f
     0 | D:1      | 0 ||| qw: Game counter: 5029
     0 | D:1      | 0 ||| qw: Always use a shield: true
     0 | D:1      | 0 ||| qw: God list: Okawaru
     0 | D:1      | 0 ||| qw: Allow faded altars: false
     0 | D:1      | 0 ||| qw: Do Orc after D:15 true
     0 | D:1      | 0 ||| qw: Do second Lair branch before Depths: true
     0 | D:1      | 0 ||| qw: Lair rune preference: random
     0 | D:1      | 0 ||| qw: Plans: Normal
     0 | D:1      | 0 ||| PLANNING D:1-11
   171 | D:1      | Reached XP level 2. HP: 29/29 MP: 2/2
   419 | D:1      | Reached skill level 4 in Unarmed Combat
   457 | D:1      | 457 ||| Stepping ~*~*~tactically~*~*~ (stealth).
   469 | D:1      | 469 ||| Stepping ~*~*~tactically~*~*~ (hiding).
   470 | D:1      | 470 ||| Stepping ~*~*~tactically~*~*~ (hiding).
   479 | D:1      | Reached XP level 3. HP: 36/36 MP: 3/3
   796 | D:1      | Found a faded altar of an unknown god.
   880 | D:1      | 880 ||| UPGRADING to scarf of resistance.
   885 | D:1      | 885 ||| READING scroll labelled LIN ZAPNUSHIPN.
   886 | D:1      | 886 ||| READING scroll labelled EWIACAOFOLL.
   887 | D:1      | 887 ||| READING 2 scrolls labelled BEINIL ASUBI.
   988 | D:1      | 988 ||| READING scroll labelled ROKLON WIODI.
   988 | D:1      | Identified a scroll of acquirement
   988 | D:1      | 988 ||| ACQUIRING +4 storm dragon scales "Murampas" {rElec
                  | Stlth+}
   988 | D:1      | Acquired the +4 storm dragon scales "Murampas" {rElec
                  | Stlth+}
   990 | D:1      | 990 ||| UPGRADING to +4 storm dragon scales "Murampas"
                  | {rElec Stlth+}.
  1000 | D:1      | 1000 ||| DROPPING +0 robe.
  1001 | D:1      | 1001 ||| DROPPING scroll of silence.
  1046 | D:2      | Found a runed translucent door.
  1047 | D:2      | Noticed Crazy Yiuf
  1415 | D:2      | 1415 ||| Stepping ~*~*~tactically~*~*~ (stealth).
  1442 | D:2      | Reached skill level 1 in Armour
  1656 | D:2      | 1656 ||| READING 2 scrolls labelled ZOTUARRUTU.
  1657 | D:2      | 1657 ||| DRINKING 2 purple potions.
  1658 | D:2      | 1658 ||| DROPPING potion of attraction.
  1697 | D:3      | 1697 ||| PLANNING SEWER
  1711 | D:3      | 1711 ||| Stepping ~*~*~tactically~*~*~ (stealth).
  1725 | D:3      | 1725 ||| Stepping ~*~*~tactically~*~*~ (outnumbered).
  1779 | D:3      | Reached XP level 4. HP: 44/44 MP: 4/4
  1844 | D:3      | 1844 ||| Stepping ~*~*~tactically~*~*~ (stealth).
  2036 | D:3      | 2036 ||| Stepping ~*~*~tactically~*~*~ (stealth).
  2074 | D:3      | Found a broken altar of Ashenzari.
  2244 | D:3      | Found a stormy altar of Qazlal.
  2284 | D:3      | Found a glowing drain.
  2285 | D:3      | 2285 ||| READING scroll labelled NAGAOM DUNIDDI.
  2286 | D:3      | 2286 ||| READING 3 scrolls labelled ELOSITR TIESYXYIPT.
  2291 | D:3      | 2291 ||| DRINKING 2 bubbling black potions.
  2292 | D:3      | 2292 ||| READING 3 scrolls of identify.
  2292 | D:3      | 2292 ||| IDENTIFYING murky green potion
  2293 | D:3      | 2293 ||| READING 2 scrolls of identify.
  2293 | D:3      | 2293 ||| IDENTIFYING emerald potion
  2294 | D:3      | 2294 ||| DROPPING potion of magic.
  2295 | D:3      | 2295 ||| DROPPING potion of lignification.
  2526 | D:3      | 2526 ||| RIP SEWER
  2526 | D:3      | 2526 ||| PLANNING D:1-11
  2694 | D:4      | Noticed an ogre
  2696 | D:4      | Reached skill level 5 in Unarmed Combat
  2699 | D:4      | Killed an ogre
  2700 | D:4      | Reached XP level 5. HP: 50/50 MP: 5/5
  2701 | D:4      | 2701 ||| Stepping ~*~*~tactically~*~*~ (stealth).
  2702 | D:4      | 2702 ||| Stepping ~*~*~tactically~*~*~ (stealth).
  2733 | D:4      | Reached skill level 6 in Unarmed Combat
  2758 | D:4      | 2758 ||| Stepping ~*~*~tactically~*~*~ (stealth).
  2759 | D:4      | 2759 ||| Stepping ~*~*~tactically~*~*~ (stealth).
  2761 | D:4      | 2761 ||| Stepping ~*~*~tactically~*~*~ (stealth).
  2763 | D:4      | 2763 ||| Stepping ~*~*~tactically~*~*~ (stealth).
  2972 | D:4      | Reached XP level 6. HP: 59/59 MP: 6/6
  3112 | D:4      | 3112 ||| READING scroll labelled KAAKKO QAIFIRI.
  3113 | D:4      | 3113 ||| READING 2 scrolls labelled XOEQEP VECHAB.
  3114 | D:4      | 3114 ||| READING 2 scrolls of identify.
  3114 | D:4      | 3114 ||| IDENTIFYING sapphire potion
  3115 | D:4      | 3115 ||| DROPPING potion of brilliance.
  3116 | D:4      | 3116 ||| DROPPING scroll of butterflies.
  3130 | D:5      | Entered Level 5 of the Dungeon
  3150 | D:5      | Reached skill level 7 in Unarmed Combat
  3203 | D:5      | Found a staircase to the Ecumenical Temple.
  3220 | D:5      | 3220 ||| Stepping ~*~*~tactically~*~*~ (stealth).
  3330 | D:5      | 3330 ||| Stepping ~*~*~tactically~*~*~ (stealth).
  3506 | D:5      | Reached XP level 7. HP: 66/66 MP: 7/7
  3595 | D:5      | 3595 ||| Stepping ~*~*~tactically~*~*~ (hiding).
  3651 | D:5      | Reached skill level 8 in Unarmed Combat
  3748 | D:5      | Reached skill level 3 in Fighting
  3817 | D:5      | Found a transporter.
  3818 | D:5      | Noticed qw's ghost (amateur TrCA)
  3820 | D:5      | Found a transporter.
  3986 | D:5      | 3986 ||| UPGRADING to +0 kite shield.
  3991 | D:5      | 3991 ||| UPGRADING to +4 ring of protection.
  4041 | D:6      | Reached skill level 1 in Shields
  4047 | D:6      | 4047 ||| Stepping ~*~*~tactically~*~*~ (outnumbered).
  4048 | D:6      | 4048 ||| Stepping ~*~*~tactically~*~*~ (outnumbered).
  4049 | D:6      | 4049 ||| Stepping ~*~*~tactically~*~*~ (outnumbered).
  4050 | D:6      | 4050 ||| Stepping ~*~*~tactically~*~*~ (outnumbered).
  4051 | D:6      | 4051 ||| STAIRDANCE
  4053 | D:5      | 4053 ||| Stepping ~*~*~tactically~*~*~ (outnumbered).
  4054 | D:5      | 4054 ||| Stepping ~*~*~tactically~*~*~ (outnumbered).
  4055 | D:5      | 4055 ||| Stepping ~*~*~tactically~*~*~ (outnumbered).
  4056 | D:5      | 4056 ||| Stepping ~*~*~tactically~*~*~ (outnumbered).
  4060 | D:5      | 4060 ||| FLEEEEING.
  4061 | D:5      | 4061 ||| FLEEEEING.
  4062 | D:5      | 4062 ||| FLEEEEING.
  4063 | D:5      | 4063 ||| FLEEEEING.
  4064 | D:5      | 4064 ||| FLEEEEING.
  4065 | D:5      | 4065 ||| FLEEEEING.
  4066 | D:5      | 4066 ||| FLEEEEING.
  4067 | D:5      | 4067 ||| FLEEEEING.
  4068 | D:5      | 4068 ||| FLEEEEING.
  4069 | D:5      | 4069 ||| FLEEEEING.
  4070 | D:5      | 4070 ||| FLEEEEING.
  4071 | D:5      | 4071 ||| FLEEEEING.
  4072 | D:5      | 4072 ||| FLEEEEING.
  4073 | D:5      | 4073 ||| FLEEEEING.
  4074 | D:5      | 4074 ||| FLEEEEING.
  4075 | D:5      | 4075 ||| FLEEEEING.
  4076 | D:5      | 4076 ||| FLEEEEING.
  4077 | D:5      | 4077 ||| STAIRDANCE
  4088 | D:5      | 4088 ||| Stepping ~*~*~tactically~*~*~ (outnumbered).
  4189 | D:6      | 4189 ||| Stepping ~*~*~tactically~*~*~ (stealth).
  4196 | D:6      | 4196 ||| Stepping ~*~*~tactically~*~*~ (stealth).
  4197 | D:6      | 4197 ||| Stepping ~*~*~tactically~*~*~ (stealth).
  4212 | D:6      | Reached skill level 3 in Shields
  4234 | D:6      | Found Jewuez's Magic Scroll Shoppe.
  4249 | D:6      | 4249 ||| BUYING scroll of enchant armour (90 gold).
  4249 | D:6      | Bought a scroll of enchant armour for 90 gold pieces
  4249 | D:6      | 4249 ||| BUYING scroll of enchant weapon (90 gold).
  4249 | D:6      | Bought a scroll of enchant weapon for 90 gold pieces
  4249 | D:6      | 4249 ||| BUYING scroll of identify (24 gold).
  4249 | D:6      | Bought a scroll of identify for 24 gold pieces
  4249 | D:6      | 4249 ||| SHOPLISTING scroll of identify (24 gold, have 22).
  4255 | D:6      | Reached XP level 8. HP: 75/75 MP: 8/8
  4285 | D:6      | 4285 ||| FLEEEEING.
  4286 | D:6      | 4286 ||| FLEEEEING.
  4287 | D:6      | 4287 ||| FLEEEEING.
  4291 | D:6      | 4291 ||| FLEEEEING.
  4292 | D:6      | 4292 ||| FLEEEEING.
  4293 | D:6      | 4293 ||| FLEEEEING.
  4294 | D:6      | 4294 ||| FLEEEEING.
  4295 | D:6      | 4295 ||| STAIRDANCE
  4397 | D:5      | 4397 ||| DRINKING 2 viscous pink potions.
  4398 | D:5      | 4398 ||| READING 2 scrolls of identify.
  4398 | D:5      | 4398 ||| IDENTIFYING cyan potion
  4399 | D:5      | 4399 ||| DROPPING potion of flight.
  4402 | D:6      | 4402 ||| STAIRDANCE
  4428 | D:6      | 4428 ||| STAIRDANCE
  4765 | D:7      | Noticed a hornet
  4766 | D:7      | 4766 ||| Stepping ~*~*~tactically~*~*~ (stealth).
  4777 | D:7      | Paralysed by a hornet for 2 turns
  4785 | D:7      | Killed a hornet
  4882 | D:7      | Noticed Duvessa
  4883 | D:7      | Noticed Dowan
  4884 | D:7      | 4884 ||| Stepping ~*~*~tactically~*~*~ (stealth).
  4886 | D:7      | 4886 ||| Stepping ~*~*~tactically~*~*~ (hiding).
  4888 | D:7      | 4888 ||| INVOKING Fiery Armour.
  4900 | D:7      | Killed Duvessa
  4901 | D:7      | Reached skill level 6 in Shields
  4902 | D:7      | 4902 ||| Stepping ~*~*~tactically~*~*~ (hiding).
  4906 | D:7      | Killed Dowan
  5139 | D:7      | 5139 ||| Stepping ~*~*~tactically~*~*~ (hiding).
  5157 | D:7      | Reached XP level 9. HP: 81/81 MP: 9/9
  5193 | D:7      | Reached skill level 9 in Unarmed Combat
  5394 | D:7      | 5394 ||| Stepping ~*~*~tactically~*~*~ (hiding).
  5737 | D:7      | Found a glowing golden altar of the Shining One.
  5743 | D:7      | Found an ancient bone altar of Kikubaaqudgha.
  5744 | D:7      | Found a snail-covered altar of Cheibriados.
  5744 | D:7      | Found an opulent altar of Gozag.
  5749 | D:7      | Found a blossoming altar of Fedhas.
  5868 | D:7      | 5868 ||| DRINKING 2 blue potions.
  5869 | D:7      | 5869 ||| DROPPING potion of degeneration.
  5989 | D:8      | 5989 ||| Stepping ~*~*~tactically~*~*~ (outnumbered).
  5990 | D:8      | 5990 ||| Stepping ~*~*~tactically~*~*~ (outnumbered).
  5991 | D:8      | 5991 ||| Stepping ~*~*~tactically~*~*~ (hiding).
  6125 | D:8      | 6125 ||| Stepping ~*~*~tactically~*~*~ (hiding).
  6130 | D:8      | 6130 ||| Stepping ~*~*~tactically~*~*~ (outnumbered).
  6131 | D:8      | 6131 ||| Stepping ~*~*~tactically~*~*~ (outnumbered).
  6155 | D:8      | Found a white marble altar of Elyvilon.
  6186 | D:8      | 6186 ||| INVOKING Fiery Armour.
  6187 | D:8      | 6187 ||| Stepping ~*~*~tactically~*~*~ (outnumbered).
  6272 | D:8      | Noticed an orange crystal statue
  6273 | D:8      | 6273 ||| DRINKING 2 potions of curing.
  6273 | D:8      | 6273 ||| (to cure confusion)
  6275 | D:8      | 6275 ||| Stepping ~*~*~tactically~*~*~ (outnumbered).
  6277 | D:8      | 6277 ||| Stepping ~*~*~tactically~*~*~ (outnumbered).
  6287 | D:8      | 6287 ||| Stepping ~*~*~tactically~*~*~ (hiding).
  6297 | D:8      | 6297 ||| INVOKING Fiery Armour.
  6298 | D:8      | 6298 ||| Stepping ~*~*~tactically~*~*~ (outnumbered).
  6377 | D:8      | 6377 ||| Stepping ~*~*~tactically~*~*~ (outnumbered).
  6386 | D:8      | HP: 19/77 [yak[an orange crystal statue] (8)]
  6387 | D:8      | 6387 ||| READING 5 scrolls of teleportation.
  6391 | D:8      | HP: 10/77 [yak[an orange crystal statue] (7)]
  6541 | D:8      | 6541 ||| INVOKING Fiery Armour.
  6542 | D:8      | 6542 ||| Stepping ~*~*~tactically~*~*~ (hiding).
  6544 | D:8      | 6544 ||| Stepping ~*~*~tactically~*~*~ (outnumbered).
  6556 | D:8      | 6556 ||| Stepping ~*~*~tactically~*~*~ (hiding).
  6559 | D:8      | 6559 ||| Stepping ~*~*~tactically~*~*~ (outnumbered).
  6566 | D:8      | 6566 ||| Stepping ~*~*~tactically~*~*~ (outnumbered).
  6567 | D:8      | 6567 ||| Stepping ~*~*~tactically~*~*~ (outnumbered).
  6568 | D:8      | 6568 ||| Stepping ~*~*~tactically~*~*~ (outnumbered).
  6575 | D:8      | 6575 ||| DRINKING potion of curing.
  6575 | D:8      | 6575 ||| (to cure confusion)
  6583 | D:8      | 6583 ||| Stepping ~*~*~tactically~*~*~ (outnumbered).
  6585 | D:8      | 6585 ||| Stepping ~*~*~tactically~*~*~ (outnumbered).
  6586 | D:8      | 6586 ||| Stepping ~*~*~tactically~*~*~ (outnumbered).
  6588 | D:8      | 6588 ||| Stepping ~*~*~tactically~*~*~ (outnumbered).
  6589 | D:8      | 6589 ||| Stepping ~*~*~tactically~*~*~ (outnumbered).
  6633 | D:8      | 6633 ||| Stepping ~*~*~tactically~*~*~ (outnumbered).
  6634 | D:8      | 6634 ||| Stepping ~*~*~tactically~*~*~ (outnumbered).
  6716 | D:8      | 6716 ||| Stepping ~*~*~tactically~*~*~ (hiding).
  6718 | D:8      | 6718 ||| INVOKING Fiery Armour.
  6719 | D:8      | 6719 ||| Stepping ~*~*~tactically~*~*~ (outnumbered).
  6724 | D:8      | 6724 ||| Stepping ~*~*~tactically~*~*~ (outnumbered).
  6727 | D:8      | 6727 ||| Stepping ~*~*~tactically~*~*~ (outnumbered).
  6747 | D:8      | 6747 ||| FLEEEEING.
  6786 | D:8      | 6786 ||| Stepping ~*~*~tactically~*~*~ (hiding).
  6798 | D:8      | 6798 ||| Stepping ~*~*~tactically~*~*~ (outnumbered).
  6799 | D:8      | 6799 ||| Stepping ~*~*~tactically~*~*~ (outnumbered).
  6800 | D:8      | 6800 ||| Stepping ~*~*~tactically~*~*~ (outnumbered).
  6801 | D:8      | 6801 ||| Stepping ~*~*~tactically~*~*~ (outnumbered).
  6802 | D:8      | 6802 ||| Stepping ~*~*~tactically~*~*~ (outnumbered).
  6803 | D:8      | 6803 ||| Stepping ~*~*~tactically~*~*~ (outnumbered).
  6804 | D:8      | 6804 ||| Stepping ~*~*~tactically~*~*~ (outnumbered).
  6856 | D:8      | 6856 ||| INVOKING Fiery Armour.
  6880 | D:8      | Killed an orange crystal statue
  6881 | D:8      | Reached skill level 10 in Unarmed Combat
  7177 | D:8      | Noticed an obsidian statue
  7178 | D:8      | 7178 ||| INVOKING Fiery Armour.
  7180 | D:8      | Noticed a red devil
  7180 | D:8      | 7180 ||| Stepping ~*~*~tactically~*~*~ (outnumbered).
  7182 | D:8      | Noticed a smoke demon
  7184 | D:8      | Noticed a red devil
  7195 | D:8      | HP: 18/81 [red devil/+0 trident[an obsidian statue] (9)]
  7196 | D:8      | 7196 ||| READING 4 scrolls of teleportation.
  7273 | D:8      | 7273 ||| Stepping ~*~*~tactically~*~*~ (hiding).
  7367 | D:8      | Noticed a two-headed ogre
  7368 | D:8      | 7368 ||| Stepping ~*~*~tactically~*~*~ (hiding).
  7369 | D:8      | 7369 ||| Stepping ~*~*~tactically~*~*~ (hiding).
  7370 | D:8      | 7370 ||| Stepping ~*~*~tactically~*~*~ (hiding).
  7380 | D:8      | Killed a two-headed ogre
  7420 | D:8      | Noticed a smoke demon
  7420 | D:8      | 7420 ||| INVOKING Fiery Armour.
  7421 | D:8      | Noticed a smoke demon
  7423 | D:8      | Noticed a rust devil
  7425 | D:8      | 7425 ||| Stepping ~*~*~tactically~*~*~ (outnumbered).
  7442 | D:8      | 7442 ||| READING 3 scrolls of teleportation.
  7556 | D:8      | 7556 ||| INVOKING Fiery Armour.
  7557 | D:8      | Noticed a hellwing
  7575 | D:8      | Noticed a hellwing
  7575 | D:8      | Noticed a smoke demon
  7584 | D:8      | 7584 ||| Stepping ~*~*~tactically~*~*~ (outnumbered).
  7586 | D:8      | 7586 ||| Stepping ~*~*~tactically~*~*~ (outnumbered).
  7660 | D:8      | Noticed an ice devil
  7660 | D:8      | Noticed a soul eater
  7663 | D:8      | Noticed a rust devil
  7667 | D:8      | 7667 ||| Stepping ~*~*~tactically~*~*~ (outnumbered).
  7668 | D:8      | 7668 ||| Stepping ~*~*~tactically~*~*~ (outnumbered).
  7676 | D:8      | 7676 ||| INVOKING Fiery Armour.
  7703 | D:8      | Noticed a hellwing
  7705 | D:8      | Noticed a sun demon
  7705 | D:8      | Noticed a hellwing
  7712 | D:8      | 7712 ||| Stepping ~*~*~tactically~*~*~ (outnumbered).
  7713 | D:8      | 7713 ||| Stepping ~*~*~tactically~*~*~ (outnumbered).
  7714 | D:8      | 7714 ||| Stepping ~*~*~tactically~*~*~ (outnumbered).
  7715 | D:8      | 7715 ||| Stepping ~*~*~tactically~*~*~ (outnumbered).
  7716 | D:8      | 7716 ||| Stepping ~*~*~tactically~*~*~ (outnumbered).
  7717 | D:8      | 7717 ||| Stepping ~*~*~tactically~*~*~ (outnumbered).
  7722 | D:8      | HP: 19/79 [sun demon[an obsidian statue] (2)]
  7723 | D:8      | 7723 ||| READING 2 scrolls of teleportation.
  7724 | D:8      | HP: 8/79 [sun demon[an obsidian statue] (6)]
  7724 | D:8      | HP: 2/79 [sun demon[an obsidian statue] (6)]
  7725 | D:8      | Noticed a rust devil
  7725 | D:8      | Noticed an ice devil
  7727 | D:8      | 7727 ||| Stepping ~*~*~tactically~*~*~ (outnumbered).
  7845 | D:8      | 7845 ||| INVOKING Fiery Armour.
  7849 | D:8      | Noticed a red devil
  7865 | D:8      | Noticed a soul eater
  7865 | D:8      | Noticed a red devil
  7873 | D:8      | HP: 19/79 [red devil/+0 trident[an obsidian statue] (17)]
  7874 | D:8      | 7874 ||| READING scroll of teleportation.
  7878 | D:8      | Noticed a red devil
  7878 | D:8      | Noticed a hellwing
  7999 | D:8      | 7999 ||| INVOKING Fiery Armour.
  8000 | D:8      | Noticed a red devil
  8003 | D:8      | Noticed an orange demon
  8004 | D:8      | Noticed an orange demon
  8004 | D:8      | Noticed a sixfirhy
  8019 | D:8      | HP: 19/79 [orange demon[an obsidian statue] (1)]
  8024 | D:8      | Noticed a soul eater
  8024 | D:8      | Noticed a soul eater
  8024 | D:8      | HP: 9/79 [poisoned by an orange demon]
  8027 | D:8      | Slain by a soul eater

Levels and vault maps discovered:
D:1:      dpeg_arrival_simpleton_a, layout_basic, basic_ecumenical_altar
D:2:      layout_basic, uniq_crazy_yiuf_cottage
D:3:      layout_loops_cross, lemuel_crystal_altar,
          ashenzari_conservatory_becter, cheibrodos_sewer_entry_bend,
          chequers_serial_rivers_large_b
D:4:      layout_basic, patterned_corridor
D:5:      layout_loops_ring, minmay_temple_entry_tees, gammafunk_ghost_smash,
          kennysheep_generic_room_6
D:6:      layout_cave_pools, nicolae_stop_n_shop_2
D:7:      layout_basic, minitemple, uniq_duvessa
D:8:      minmay_separated_statues, layout_loops_ring, old_standard_altar

Skill      XL: |  1  2  3  4  5  6  7  8  9 |
---------------+----------------------------+-----
Unarmed Combat | 4 5 6 7 8 10 | 10.1
Armour         | 1 2 |  2.0
Fighting       | 3 |  3.3
Shields        | 3 6 8 |  8.7
Throwing       | 2 |  2.0
Spellcasting   | |  1.0
Fire Magic     | |  2.1

Action                   |  1- 3 |  4- 6 |  7- 9 || total
-------------------------+-------+-------+-------++-------
Melee: Unarmed           |   111 |   107 |   581 ||   799
       Punch             |     2 |     4 |     3 ||     9
Throw: Boomerang         |    16 |    57 |     8 ||    81
       Javelin           |       |       |    25 ||    25
Invok: Fiery Armour      |       |       |    12 ||    12
  Use: Scroll            |     5 |     7 |     6 ||    18
       Potion            |     1 |     1 |     4 ||     6
 Stab: Distracted        |       |     1 |       ||     1
Armor: Robe              |    23 |       |       ||    23
       Storm dragon scal |    19 |    73 |   523 ||   615
Dodge: Dodged            |    38 |    22 |   174 ||   234
Block: Kite shield       |       |       |   257 ||   257

Table legend:
 A = Non-vault XP
 B = Vault XP
 C = Vault XP percentage of total XP
 D = Non-vault monster count
 E = Vault monster count
 F = Vault count percentage of total count
                 A         B        C        D         E       F
            +---------+---------+-------+---------+---------+-------
      Total |    4452 |     959 |  17.7 |     145 |       9 |   5.8
            +---------+---------+-------+---------+---------+-------
        D:1 |      48 |       0 |   0.0 |      26 |       0 |   0.0
        D:2 |      23 |       0 |   0.0 |      13 |       0 |   0.0
        D:3 |      46 |      10 |  17.9 |      18 |       2 |  10.0
        D:4 |     336 |       0 |   0.0 |      19 |       0 |   0.0
        D:5 |     836 |      30 |   3.5 |      23 |       4 |  14.8
        D:6 |     462 |       0 |   0.0 |      11 |       0 |   0.0
        D:7 |     927 |     227 |  19.7 |      10 |       2 |  16.7
        D:8 |    1774 |     692 |  28.1 |      25 |       1 |   3.8
            +---------+---------+-------+---------+---------+-------
